[ AOE2 MATCH · #474809366 ]
Team RMByzantines vs Malay
[ REPLAY ANALYSIS · EXTRACTED FROM THE RECORDED GAME ]
Feudal
7:13
Castle
15:43
Imperial
19:35
| APM avg | 19.3 |
| APM peak | 55 |
| eAPM avg | 12.5 |
| Villagers / military | 97 / 240 |
Focus
⚔️ 30.5% · 🌾 69.5%
Cataphract ×125 · Spearman ×109 · Trebuchet (Packed) ×5 · Mangonel ×1
Feudal
8:25
Castle
12:07
Imperial
29:29
| APM avg | 42.4 |
| APM peak | 108 |
| eAPM avg | 20.7 |
| Villagers / military | 150 / 248 |
Focus
⚔️ 42.7% · 🌾 57.3%
Camel Scout ×111 · Gbeto ×106 · Trade Cart ×19 · Scout Cavalry ×16 · Bombard Cannon ×10 · Mangonel ×3
Feudal
9:03
Castle
12:48
Imperial
—
| APM avg | 31.0 |
| APM peak | 88 |
| eAPM avg | 16.2 |
| Villagers / military | 149 / 297 |
Focus
⚔️ 29.7% · 🌾 70.3%
Spearman ×206 · Archer ×70 · War Wagon ×21
Feudal
6:54
Castle
13:12
Imperial
23:29
| APM avg | 29.5 |
| APM peak | 67 |
| eAPM avg | 19.4 |
| Villagers / military | 132 / 552 |
Focus
⚔️ 38.1% · 🌾 61.9%
Battle Elephant ×327 · Karambit Warrior ×192 · Trade Cart ×44 · Trebuchet (Packed) ×18 · Scorpion ×13 · Monk ×2
Match map
Initial resources + every placement click. Lines = walls · curves = elevation contours. ◆ gold · ⬟ stone · ● berries · ✦ relic · ◌ wall gap
Inputs per minute
— Aphelink - - mvbastos
Build order — Aphelink
First 150 of 307 actions detected
| 0:01 | Create | Villager (Male) |
| 0:02 | Create | Villager (Male) |
| 0:11 | Build | Lumber Camp |
| 0:14 | Create | Villager (Male) |
| 0:46 | Create | Villager (Male) |
| 1:34 | Build | Mill |
| 1:38 | Create | Villager (Male) |
| 1:38 | Create | Villager (Male) |
| 2:08 | Create | Villager (Male) |
| 2:10 | Create | Villager (Male) |
| 2:42 | Create | Villager (Male) |
| 3:01 | Create | Villager (Male) |
| 3:01 | Create | Villager (Male) |
| 3:57 | Create | Villager (Male) |
| 4:34 | Build | Farm |
| 4:36 | Create | Villager (Male) |
| 4:45 | Build | Farm |
| 5:02 | Research | Feudal Age |
| 5:06 | Build | Farm |
| 5:41 | Build | Farm |
| 5:49 | Build | Farm |
| 5:49 | Build | Farm |
| 5:49 | Build | Farm |
| 5:50 | Build | Farm |
| 5:50 | Build | Farm |
| 5:51 | Build | Farm |
| 6:31 | Build | Mill |
| 7:13 | Create | Villager (Male) |
| 7:13 | Create | Villager (Male) |
| 7:13 | Age | Feudal Age |
| 7:56 | Build | Mining Camp |
| 7:58 | Create | Villager (Male) |
| 8:06 | Create | Villager (Male) |
| 8:38 | Create | Villager (Male) |
| 8:45 | Research | Double-Bit Axe |
| 8:47 | Research | Horse Collar |
| 8:56 | Build | Farm |
| 9:10 | Create | Villager (Male) |
| 9:22 | Build | Farm |
| 9:32 | Create | Villager (Male) |
| 9:57 | Build | Blacksmith |
| 10:05 | Create | Villager (Male) |
| 10:22 | Create | Villager (Male) |
| 10:23 | Create | Villager (Male) |
| 10:27 | Build | Farm |
| 11:15 | Create | Villager (Male) |
| 11:32 | Build | Stable |
| 11:42 | Create | Villager (Male) |
| 12:10 | Create | Villager (Male) |
| 12:14 | Build | Stable |
| 12:21 | Create | Villager (Male) |
| 12:56 | Research | Castle Age |
| 12:56 | Research | Castle Age |
| 13:01 | Research | Gold Mining |
| 13:50 | Research | Scale Barding Armor |
| 13:54 | Research | Forging |
| 15:26 | Create | Villager (Male) |
| 15:26 | Create | Villager (Male) |
| 15:43 | Age | Castle Age |
| 15:50 | Build | Town Center |
| 16:10 | Create | Villager (Male) |
| 16:15 | Build | Town Center |
| 16:19 | Create | Villager (Male) |
| 16:25 | Research | Imperial Age |
| 16:52 | Build | Lumber Camp |
| 16:59 | Create | Villager (Male) |
| 17:09 | Research | Heavy Plow |
| 17:14 | Research | Gold Shaft Mining |
| 17:29 | Create | Villager (Male) |
| 17:35 | Research | Stone Mining |
| 17:38 | Create | Cataphract |
| 17:38 | Create | Cataphract |
| 17:39 | Create | Cataphract |
| 17:49 | Create | Villager (Male) |
| 18:03 | Research | Loom |
| 18:04 | Research | Wheelbarrow |
| 18:10 | Build | House |
| 18:11 | Build | House |
| 18:13 | Build | House |
| 18:15 | Build | House |
| 18:16 | Build | House |
| 18:19 | Build | House |
| 18:23 | Create | Villager (Male) |
| 18:26 | Create | Villager (Male) |
| 18:30 | Build | Farm |
| 18:33 | Create | Villager (Male) |
| 18:39 | Research | Bow Saw |
| 19:05 | Create | Villager (Male) |
| 19:05 | Create | Villager (Male) |
| 19:35 | Age | Imperial Age |
| 19:50 | Create | Cataphract |
| 19:50 | Create | Cataphract |
| 19:50 | Create | Cataphract |
| 20:10 | Build | Siege Workshop |
| 20:17 | Research | Chain Barding Armor |
| 21:08 | Create | Cataphract |
| 21:08 | Create | Cataphract |
| 21:14 | Build | Farm |
| 21:14 | Build | Farm |
| 21:15 | Build | Farm |
| 21:21 | Build | Farm |
| 21:27 | Create | Villager (Male) |
| 21:27 | Create | Villager (Male) |
| 21:27 | Create | Villager (Male) |
| 21:27 | Create | Villager (Male) |
| 21:36 | Build | Farm |
| 21:43 | Build | Farm |
| 22:08 | Create | Mangonel |
| 22:31 | Create | Cataphract |
| 22:31 | Create | Cataphract |
| 22:39 | Build | House |
| 22:43 | Build | House |
| 22:45 | Build | House |
| 23:14 | Create | Villager (Male) |
| 23:14 | Create | Villager (Male) |
| 23:14 | Create | Villager (Male) |
| 23:17 | Research | Hand Cart |
| 23:59 | Research | Plate Barding Armor |
| 24:35 | Create | Villager (Male) |
| 24:36 | Create | Villager (Male) |
| 24:36 | Create | Villager (Male) |
| 24:47 | Create | Cataphract |
| 24:48 | Create | Cataphract |
| 24:53 | Create | Villager (Male) |
| 24:53 | Create | Villager (Male) |
| 24:53 | Create | Villager (Male) |
| 24:54 | Create | Villager (Male) |
| 25:03 | Build | Town Center |
| 25:07 | Create | Villager (Male) |
| 25:08 | Create | Villager (Male) |
| 25:08 | Create | Villager (Male) |
| 25:19 | Build | Stone Wall |
| 25:20 | Build | Stone Wall |
| 25:33 | Build | Mining Camp |
| 25:38 | Create | Villager (Male) |
| 25:39 | Create | Villager (Male) |
| 25:39 | Create | Villager (Male) |
| 25:39 | Create | Villager (Male) |
| 25:39 | Create | Villager (Male) |
| 25:39 | Create | Villager (Male) |
| 25:40 | Create | Villager (Male) |
| 25:40 | Create | Villager (Male) |
| 25:49 | Build | House |
| 25:50 | Build | House |
| 25:51 | Build | House |
| 25:51 | Build | House |
| 25:51 | Build | House |
| 25:52 | Build | House |
| 25:52 | Build | House |
| 25:52 | Build | House |
Build order — mvbastos
First 150 of 584 actions detected
| 0:02 | Create | Villager (Male) |
| 0:02 | Create | Villager (Male) |
| 0:02 | Create | Villager (Male) |
| 0:02 | Create | Villager (Male) |
| 0:03 | Create | Villager (Male) |
| 0:12 | Build | Lumber Camp |
| 1:37 | Create | Villager (Male) |
| 1:37 | Create | Villager (Male) |
| 2:12 | Build | Mill |
| 2:30 | Create | Villager (Male) |
| 2:30 | Create | Villager (Male) |
| 2:31 | Create | Villager (Male) |
| 2:31 | Create | Villager (Male) |
| 2:31 | Create | Villager (Male) |
| 2:31 | Create | Villager (Male) |
| 2:55 | Create | Villager (Male) |
| 2:55 | Create | Villager (Male) |
| 3:32 | Create | Villager (Male) |
| 3:33 | Create | Villager (Male) |
| 3:33 | Create | Villager (Male) |
| 3:52 | Create | Villager (Male) |
| 3:52 | Create | Villager (Male) |
| 4:22 | Build | Farm |
| 4:40 | Build | Mining Camp |
| 5:18 | Create | Villager (Male) |
| 6:01 | Research | Feudal Age |
| 7:51 | Create | Villager (Male) |
| 7:51 | Create | Villager (Male) |
| 8:25 | Age | Feudal Age |
| 8:33 | Build | Blacksmith |
| 8:41 | Build | Stable |
| 9:13 | Research | Double-Bit Axe |
| 9:13 | Research | Double-Bit Axe |
| 9:27 | Research | Castle Age |
| 9:45 | Build | Lumber Camp |
| 10:58 | Create | Villager (Male) |
| 10:58 | Create | Villager (Male) |
| 12:07 | Age | Castle Age |
| 12:11 | Build | Town Center |
| 12:21 | Build | Town Center |
| 12:39 | Create | Villager (Male) |
| 12:39 | Create | Villager (Male) |
| 12:39 | Create | Villager (Male) |
| 12:40 | Create | Villager (Male) |
| 12:40 | Create | Villager (Male) |
| 12:42 | Create | Villager (Male) |
| 12:42 | Create | Villager (Male) |
| 12:54 | Create | Gbeto |
| 12:55 | Create | Gbeto |
| 13:12 | Build | Farm |
| 13:17 | Build | Farm |
| 13:20 | Build | Farm |
| 13:23 | Build | Farm |
| 13:26 | Research | Horse Collar |
| 13:29 | Create | Gbeto |
| 13:31 | Build | Farm |
| 13:36 | Create | Villager (Male) |
| 13:36 | Create | Villager (Male) |
| 13:43 | Build | Farm |
| 13:46 | Build | Farm |
| 13:50 | Create | Villager (Male) |
| 13:50 | Create | Villager (Male) |
| 14:10 | Build | Farm |
| 14:15 | Build | Farm |
| 14:19 | Build | Farm |
| 14:24 | Build | Farm |
| 14:28 | Build | Farm |
| 14:31 | Create | Villager (Male) |
| 14:32 | Create | Villager (Male) |
| 14:32 | Create | Villager (Male) |
| 14:32 | Create | Villager (Male) |
| 14:33 | Create | Villager (Male) |
| 14:49 | Create | Villager (Male) |
| 14:49 | Create | Villager (Male) |
| 15:11 | Build | Siege Workshop |
| 15:18 | Create | Gbeto |
| 15:24 | Create | Villager (Male) |
| 15:24 | Create | Villager (Male) |
| 15:24 | Create | Villager (Male) |
| 15:25 | Create | Villager (Male) |
| 15:25 | Create | Villager (Male) |
| 15:28 | Build | Farm |
| 15:34 | Build | Farm |
| 15:37 | Create | Villager (Male) |
| 15:38 | Create | Villager (Male) |
| 15:41 | Create | Villager (Male) |
| 15:41 | Create | Villager (Male) |
| 15:59 | Build | Farm |
| 16:07 | Create | Gbeto |
| 16:10 | Create | Villager (Male) |
| 16:11 | Create | Villager (Male) |
| 16:11 | Create | Villager (Male) |
| 16:28 | Build | Market |
| 16:34 | Create | Villager (Male) |
| 16:34 | Create | Villager (Male) |
| 16:34 | Create | Villager (Male) |
| 16:34 | Create | Villager (Male) |
| 16:43 | Create | Gbeto |
| 16:50 | Build | Farm |
| 16:58 | Build | Farm |
| 17:01 | Build | Farm |
| 17:05 | Create | Villager (Male) |
| 17:06 | Create | Villager (Male) |
| 17:06 | Create | Villager (Male) |
| 17:06 | Create | Villager (Male) |
| 17:30 | Build | House |
| 17:31 | Build | House |
| 17:32 | Build | House |
| 17:33 | Build | House |
| 17:37 | Research | Loom |
| 17:37 | Research | Wheelbarrow |
| 17:43 | Research | Town Watch |
| 17:53 | Create | Mangonel |
| 17:55 | Build | House |
| 18:05 | Build | House |
| 18:07 | Build | House |
| 18:11 | Create | Gbeto |
| 18:14 | Create | Villager (Male) |
| 18:14 | Create | Villager (Male) |
| 18:15 | Create | Villager (Male) |
| 18:15 | Create | Villager (Male) |
| 18:15 | Create | Villager (Male) |
| 18:15 | Create | Villager (Male) |
| 18:19 | Build | House |
| 18:39 | Build | House |
| 18:45 | Create | Villager (Male) |
| 18:45 | Create | Villager (Male) |
| 18:45 | Create | Villager (Male) |
| 18:56 | Create | Mangonel |
| 19:03 | Create | Gbeto |
| 19:03 | Create | Gbeto |
| 19:06 | Create | Gbeto |
| 19:06 | Create | Villager (Male) |
| 19:06 | Create | Villager (Male) |
| 19:07 | Create | Villager (Male) |
| 19:07 | Create | Villager (Male) |
| 19:53 | Create | Gbeto |
| 19:53 | Create | Gbeto |
| 19:58 | Research | Scale Mail Armor |
| 19:59 | Research | Scale Mail Armor |
| 20:00 | Create | Villager (Male) |
| 20:00 | Create | Villager (Male) |
| 20:01 | Create | Villager (Male) |
| 20:01 | Create | Villager (Male) |
| 20:01 | Create | Villager (Male) |
| 20:02 | Create | Villager (Male) |
| 20:02 | Create | Villager (Male) |
| 20:07 | Create | Mangonel |
| 20:14 | Build | House |
| 20:15 | Build | House |
Build order — Santi
First 150 of 421 actions detected
| 0:10 | Build | Lumber Camp |
| 0:13 | Create | Villager (Male) |
| 0:14 | Create | Villager (Male) |
| 0:14 | Create | Villager (Male) |
| 0:14 | Create | Villager (Male) |
| 0:14 | Create | Villager (Male) |
| 1:09 | Create | Villager (Male) |
| 1:09 | Create | Villager (Male) |
| 1:35 | Build | Mill |
| 2:12 | Create | Villager (Male) |
| 2:13 | Create | Villager (Male) |
| 2:13 | Create | Villager (Male) |
| 2:13 | Create | Villager (Male) |
| 3:15 | Create | Villager (Male) |
| 3:15 | Create | Villager (Male) |
| 3:16 | Create | Villager (Male) |
| 3:16 | Create | Villager (Male) |
| 3:47 | Build | Farm |
| 3:51 | Build | Farm |
| 3:52 | Create | Villager (Male) |
| 3:53 | Create | Villager (Male) |
| 4:15 | Build | Farm |
| 4:17 | Build | Farm |
| 4:54 | Build | Farm |
| 5:02 | Build | Farm |
| 5:18 | Build | Farm |
| 5:28 | Create | Villager (Male) |
| 5:28 | Create | Villager (Male) |
| 5:28 | Create | Villager (Male) |
| 5:53 | Build | Farm |
| 6:08 | Build | Farm |
| 6:44 | Research | Feudal Age |
| 7:09 | Build | Mining Camp |
| 9:03 | Age | Feudal Age |
| 9:06 | Build | Blacksmith |
| 9:16 | Build | Archery Range |
| 9:18 | Create | Villager (Male) |
| 9:18 | Create | Villager (Male) |
| 9:59 | Research | Castle Age |
| 10:13 | Research | Double-Bit Axe |
| 10:15 | Research | Horse Collar |
| 12:48 | Age | Castle Age |
| 12:51 | Build | Town Center |
| 13:04 | Create | Villager (Male) |
| 13:04 | Create | Villager (Male) |
| 13:04 | Create | Villager (Male) |
| 13:21 | Build | Town Center |
| 13:31 | Create | Villager (Male) |
| 13:36 | Build | Farm |
| 14:06 | Research | Bow Saw |
| 14:06 | Research | Bow Saw |
| 14:14 | Create | Villager (Male) |
| 14:14 | Create | Villager (Male) |
| 14:22 | Build | Farm |
| 14:45 | Create | Villager (Male) |
| 14:46 | Create | Villager (Male) |
| 14:46 | Create | Villager (Male) |
| 14:58 | Build | Farm |
| 14:59 | Build | Farm |
| 15:04 | Create | Villager (Male) |
| 15:04 | Create | Villager (Male) |
| 15:07 | Create | Villager (Male) |
| 15:07 | Create | Villager (Male) |
| 15:21 | Build | Lumber Camp |
| 15:34 | Build | Farm |
| 15:35 | Build | Farm |
| 15:39 | Create | Villager (Male) |
| 15:39 | Create | Villager (Male) |
| 15:39 | Create | Villager (Male) |
| 15:39 | Create | Villager (Male) |
| 15:40 | Create | Villager (Male) |
| 15:40 | Create | Villager (Male) |
| 16:01 | Create | War Wagon |
| 16:05 | Build | Farm |
| 16:12 | Build | House |
| 16:13 | Build | House |
| 16:14 | Build | House |
| 16:15 | Build | House |
| 16:20 | Create | Villager (Male) |
| 16:20 | Create | Villager (Male) |
| 16:32 | Build | Farm |
| 16:33 | Build | Farm |
| 16:51 | Create | War Wagon |
| 16:57 | Create | Villager (Male) |
| 16:57 | Create | Villager (Male) |
| 16:57 | Create | Villager (Male) |
| 16:58 | Create | Villager (Male) |
| 16:58 | Create | Villager (Male) |
| 16:58 | Create | Villager (Male) |
| 17:10 | Build | Lumber Camp |
| 17:17 | Build | Lumber Camp |
| 17:23 | Create | Villager (Male) |
| 17:24 | Create | Villager (Male) |
| 17:26 | Create | War Wagon |
| 17:26 | Create | War Wagon |
| 17:35 | Build | Farm |
| 17:41 | Create | Villager (Male) |
| 17:42 | Create | Villager (Male) |
| 17:47 | Build | Farm |
| 17:54 | Build | House |
| 17:59 | Create | Villager (Male) |
| 17:59 | Create | Villager (Male) |
| 18:03 | Build | Farm |
| 18:10 | Build | Farm |
| 18:14 | Build | Farm |
| 18:15 | Build | Farm |
| 18:19 | Build | Farm |
| 18:20 | Build | Farm |
| 18:23 | Create | Villager (Male) |
| 18:28 | Research | Heavy Plow |
| 18:32 | Create | War Wagon |
| 18:33 | Create | War Wagon |
| 18:38 | Build | House |
| 18:38 | Build | House |
| 18:43 | Create | Villager (Male) |
| 18:43 | Create | Villager (Male) |
| 18:44 | Create | Villager (Male) |
| 18:49 | Build | Farm |
| 18:55 | Build | Farm |
| 19:03 | Create | Villager (Male) |
| 19:04 | Create | Villager (Male) |
| 19:05 | Create | Villager (Male) |
| 19:11 | Build | Farm |
| 19:15 | Build | Farm |
| 19:18 | Build | Farm |
| 19:20 | Build | Farm |
| 19:28 | Create | Villager (Male) |
| 19:29 | Create | Villager (Male) |
| 19:30 | Create | Villager (Male) |
| 19:33 | Create | War Wagon |
| 19:33 | Create | War Wagon |
| 19:49 | Create | Villager (Male) |
| 19:50 | Create | Villager (Male) |
| 19:51 | Create | Villager (Male) |
| 19:56 | Create | War Wagon |
| 20:01 | Research | Fletching |
| 20:06 | Create | Villager (Male) |
| 20:12 | Create | Archer |
| 20:13 | Create | Archer |
| 20:19 | Build | Archery Range |
| 20:22 | Create | Villager (Male) |
| 20:23 | Create | Villager (Male) |
| 20:24 | Create | Villager (Male) |
| 20:32 | Build | Farm |
| 20:32 | Build | Farm |
| 20:32 | Build | Farm |
| 20:33 | Build | Farm |
| 20:41 | Build | Mill |
| 20:42 | Build | Farm |
| 20:42 | Build | Farm |
Build order — 523988158
First 150 of 489 actions detected
| 0:09 | Build | Lumber Camp |
| 0:17 | Create | Villager (Male) |
| 0:18 | Create | Villager (Male) |
| 0:18 | Create | Villager (Male) |
| 0:18 | Create | Villager (Male) |
| 0:19 | Create | Villager (Male) |
| 0:20 | Research | Loom |
| 1:39 | Build | Mill |
| 2:13 | Create | Villager (Male) |
| 2:14 | Create | Villager (Male) |
| 2:14 | Create | Villager (Male) |
| 2:26 | Create | Villager (Male) |
| 2:26 | Create | Villager (Male) |
| 2:27 | Create | Villager (Male) |
| 3:34 | Create | Villager (Male) |
| 4:12 | Build | Mining Camp |
| 4:16 | Create | Villager (Male) |
| 4:17 | Create | Villager (Male) |
| 5:36 | Research | Feudal Age |
| 6:50 | Create | Villager (Male) |
| 6:50 | Create | Villager (Male) |
| 6:50 | Create | Villager (Male) |
| 6:52 | Create | Villager (Male) |
| 6:52 | Create | Villager (Male) |
| 6:54 | Age | Feudal Age |
| 7:05 | Build | Blacksmith |
| 7:14 | Build | House |
| 7:20 | Build | Palisade Wall |
| 7:37 | Build | Market |
| 7:53 | Create | Villager (Male) |
| 8:29 | Create | Villager (Male) |
| 8:30 | Create | Villager (Male) |
| 8:56 | Build | House |
| 9:11 | Create | Villager (Male) |
| 9:28 | Build | Farm |
| 9:41 | Build | Farm |
| 9:46 | Build | Farm |
| 9:54 | Build | Farm |
| 10:08 | Create | Villager (Male) |
| 10:23 | Build | Palisade Wall |
| 10:38 | Build | Palisade Wall |
| 11:01 | Build | Lumber Camp |
| 11:07 | Build | Farm |
| 11:10 | Build | Farm |
| 11:15 | Build | Farm |
| 11:36 | Research | Castle Age |
| 12:28 | Research | Double-Bit Axe |
| 12:32 | Research | Horse Collar |
| 12:32 | Research | Horse Collar |
| 13:12 | Age | Castle Age |
| 13:34 | Build | Town Center |
| 13:45 | Build | Monastery |
| 13:52 | Build | House |
| 13:59 | Create | Karambit Warrior |
| 13:59 | Create | Karambit Warrior |
| 14:14 | Build | Town Center |
| 14:19 | Create | Villager (Male) |
| 14:20 | Research | Wheelbarrow |
| 14:26 | Create | Villager (Male) |
| 14:27 | Create | Villager (Male) |
| 14:27 | Create | Villager (Male) |
| 14:27 | Create | Villager (Male) |
| 14:35 | Create | Villager (Male) |
| 14:35 | Create | Villager (Male) |
| 15:10 | Build | House |
| 15:17 | Build | Palisade Wall |
| 15:26 | Create | Villager (Male) |
| 15:26 | Create | Villager (Male) |
| 15:26 | Create | Villager (Male) |
| 15:31 | Create | Monk |
| 15:31 | Create | Monk |
| 15:36 | Build | Farm |
| 15:37 | Build | Farm |
| 15:42 | Create | Villager (Male) |
| 15:47 | Create | Villager (Male) |
| 15:58 | Build | House |
| 16:10 | Create | Villager (Male) |
| 16:11 | Create | Villager (Male) |
| 16:11 | Create | Villager (Male) |
| 16:15 | Build | Farm |
| 16:16 | Build | Farm |
| 16:26 | Build | Farm |
| 16:28 | Create | Villager (Male) |
| 16:29 | Create | Villager (Male) |
| 16:35 | Create | Villager (Male) |
| 16:36 | Create | Villager (Male) |
| 17:06 | Build | Siege Workshop |
| 17:17 | Create | Villager (Male) |
| 17:17 | Create | Villager (Male) |
| 17:22 | Research | Bow Saw |
| 17:28 | Build | Farm |
| 17:36 | Create | Villager (Male) |
| 17:37 | Create | Villager (Male) |
| 17:37 | Create | Villager (Male) |
| 17:44 | Build | Farm |
| 17:49 | Create | Villager (Male) |
| 17:49 | Create | Villager (Male) |
| 18:00 | Build | Stone Wall |
| 18:07 | Build | Building 490 |
| 18:13 | Build | Stone Wall |
| 18:27 | Create | Villager (Male) |
| 18:27 | Create | Villager (Male) |
| 18:31 | Create | Villager (Male) |
| 18:31 | Create | Villager (Male) |
| 18:34 | Create | Villager (Male) |
| 18:35 | Create | Villager (Male) |
| 18:35 | Create | Villager (Male) |
| 18:53 | Build | Farm |
| 18:54 | Build | Farm |
| 18:55 | Build | Farm |
| 19:01 | Build | Farm |
| 19:04 | Build | Farm |
| 19:06 | Create | Villager (Male) |
| 19:07 | Create | Villager (Male) |
| 19:11 | Create | Villager (Male) |
| 19:13 | Create | Villager (Male) |
| 19:15 | Create | Villager (Male) |
| 19:15 | Create | Villager (Male) |
| 19:21 | Build | Farm |
| 19:22 | Build | Farm |
| 19:24 | Build | Farm |
| 19:30 | Build | Farm |
| 19:31 | Build | Farm |
| 19:33 | Create | Villager (Male) |
| 19:49 | Build | Farm |
| 19:58 | Create | Villager (Male) |
| 20:01 | Build | Farm |
| 20:17 | Build | University |
| 20:22 | Build | Stone Wall |
| 20:30 | Create | Villager (Male) |
| 20:30 | Create | Villager (Male) |
| 20:33 | Create | Villager (Male) |
| 20:35 | Build | Farm |
| 21:05 | Build | Farm |
| 21:13 | Build | Farm |
| 21:29 | Build | Stone Wall |
| 21:35 | Research | Imperial Age |
| 21:36 | Research | Imperial Age |
| 21:40 | Create | Villager (Male) |
| 21:40 | Create | Villager (Male) |
| 21:52 | Build | Stable |
| 21:55 | Build | Stable |
| 22:03 | Create | Villager (Male) |
| 22:04 | Create | Villager (Male) |
| 22:04 | Create | Villager (Male) |
| 22:04 | Create | Villager (Male) |
| 22:05 | Create | Villager (Male) |
| 22:05 | Create | Villager (Male) |
| 22:10 | Build | House |
| 22:13 | Build | House |
Match timeline
| 6:54 | 523988158 · age_up feudal |
| 7:13 | Aphelink · age_up feudal |
| 7:20 | 523988158 · wall_segment Palisade Wall x7 |
| 8:25 | mvbastos · age_up feudal |
| 8:41 | mvbastos · first_building Stable |
| 9:03 | Santi · age_up feudal |
| 9:16 | Santi · first_building Archery Range |
| 10:23 | 523988158 · wall_segment Palisade Wall x13 |
| 10:38 | 523988158 · wall_segment Palisade Wall x14 |
| 11:32 | Aphelink · first_building Stable |
| 12:07 | mvbastos · age_up castle |
| 12:48 | Santi · age_up castle |
| 13:12 | 523988158 · age_up castle |
| 13:45 | 523988158 · first_building Monastery |
| 15:11 | mvbastos · first_building Siege Workshop |
| 15:17 | 523988158 · wall_segment Palisade Wall x7 |
| 15:43 | Aphelink · age_up castle |
| 17:06 | 523988158 · first_building Siege Workshop |
| 18:00 | 523988158 · wall_segment Stone Wall x12 |
| 18:13 | 523988158 · wall_segment Stone Wall x4 |
| 19:35 | Aphelink · age_up imperial |
| 20:10 | Aphelink · first_building Siege Workshop |
| 20:22 | 523988158 · wall_segment Stone Wall x5 |
| 21:29 | 523988158 · wall_segment Stone Wall x14 |
| 21:52 | 523988158 · first_building Stable |
| 23:29 | 523988158 · age_up imperial |
| 25:19 | Aphelink · wall_segment Stone Wall x2 |
| 25:20 | Aphelink · wall_segment Stone Wall x1 |
| 26:15 | mvbastos · first_market_sell 100 wood |
| 27:26 | Santi · first_building Barracks |
| 27:34 | 523988158 · wall_segment Stone Wall x41 |
| 28:43 | mvbastos · wall_segment Stone Wall x5 |
| 29:25 | mvbastos · first_market_buy 100 food |
| 29:29 | mvbastos · age_up imperial |
| 30:40 | Aphelink · first_building Castle |
| 30:48 | 523988158 · first_market_sell 100 wood |
| 33:24 | mvbastos · first_building Monastery |
| 36:14 | mvbastos · first_building Castle |
| 37:52 | Aphelink · tribute_sent a jugador 1 |
| 37:52 | Aphelink · tribute_sent a jugador 2 |
| 37:52 | Aphelink · tribute_sent a jugador 3 |
| 38:02 | Santi · first_market_buy 100 stone |
| 38:05 | 523988158 · first_building Castle |
| 38:40 | Aphelink · first_building Barracks |
| 41:01 | 523988158 · first_building Barracks |
| 41:09 | Santi · wall_segment Stone Wall x5 |
| 49:16 | Aphelink · tribute_sent a jugador 1 |
| 49:16 | Aphelink · tribute_sent a jugador 2 |
| 49:16 | Aphelink · tribute_sent a jugador 3 |
| 52:46 | 523988158 · wall_segment Stone Wall x17 |
| 52:53 | Santi · resign |
[ AI ANALYSIS · 1 CREDIT ]
What really happened in this match?
Wolo.gg analyzes every decision: build order, eco, micro, common mistakes by bracket. Personalized analysis on WhatsApp or Discord in 30 seconds.
Civ guide
Byzantines
Map guide
Fortress
Perfil
Aphelink